 Dungeon Crawl Stone Soup version 0.31-a0-232-gb1c03b2570 (webtiles) character file.

Game seed: 13566820487936351772

371 qw the Shooter (level 6, 0/52 HPs)
             Began as a Minotaur Hexslinger on July 6, 2023.
             Slain by a gnoll
             ... wielding a +0 club
             ... led by a gnoll bouda
              (6 damage)
             ... on level 4 of the Dungeon.
             The game lasted 00:01:13 (3737 turns).

qw the Shooter (Minotaur Hexslinger)                Turns: 3737, Time: 00:01:14

Health: 0/52       AC:  7    Str: 13    XL:     6   Next: 42%
Magic:  6/6        EV: 11    Int: 10    God:
Gold:   204        SH:  5    Dex: 14    Spells: 6/7 levels left

rFire   . . .        Y - +1 sling
rCold   . . .        (no shield)
rNeg    . . .        g - +0 ring mail
rPois   .            (helmet restricted)
rElec   .            i - +0 cloak
rCorr   .            b - +0 pair of gloves
SInv    .            (no boots)
Will    .....        e - amulet of reflection
Stlth   +            (no ring)
HPRegen 0.28/turn    (no ring)
MPRegen 0.10/turn

%: reflection
@: no status effects
A: horns 2, retaliatory headbutt
a: no special abilities


You were on level 4 of the Dungeon.
You visited 1 branch of the dungeon, and saw 4 of its levels.

You collected 204 gold pieces.


Innate Abilities, Weirdness & Mutations

You have a pair of horns on your head.
You reflexively headbutt those who attack you in melee.


   Skills:
 - Level 4.2 Fighting
 + Level 6.2 Ranged Weapons
 - Level 1.9 Armour
 - Level 2.1 Dodging
 - Level 1.0 Spellcasting
 - Level 2.0 Hexes


You had 6 spell levels left.
You knew the following spells:

 Your Spells              Type           Power      Damage    Failure   Level
a - Slow                  Hex            16%        N/A       32%         1

Your spell library contained the following spells:

 Spells                   Type           Power      Damage    Failure   Level
 Inner Flame              Hex/Fire       2%         N/A       82%         3
 Portal Projectile        Hex/Tloc       4%         N/A       82%         3
 Cause Fear               Hex            2%         N/A       97%         4

Inventory:

Hand Weapons
 Y - a +1 sling (weapon)
Armour
 b - a +0 pair of gloves (worn)
 g - a +0 ring mail (worn)
 i - a +0 cloak (worn)
Jewellery
 e - an amulet of reflection (around neck)
 k - a ring of resist corrosion
Scrolls
 a - 3 scrolls of identify
 c - a scroll of brand weapon {unknown}
 m - a scroll of amnesia {unknown}
Potions
 d - a potion of enlightenment
 f - a potion of ambrosia {unknown}
 h - a potion of lignification {unknown}
 j - a potion of cancellation {unknown}
 l - a potion of might {unknown}
 n - a potion of invisibility {unknown}

Dungeon Overview and Level Annotations

Branches:
Dungeon (4/15)
 Temple: D:4-7

Altars:

Annotations:
D:4 Pikel


Message History

The gnoll bouda is lightly wounded.
The gnoll bouda hits you with a +0 whip!
You block the gnoll's attack. The gnoll barely misses you.
The gnoll bouda closely misses you. You furiously retaliate!
You headbutt the gnoll bouda. You shoot a sling bullet.
The sling bullet hits the gnoll bouda.
The gnoll bouda is heavily wounded.
The gnoll hits you from afar with a +0 halberd.
You shoot a sling bullet.
The sling bullet barely misses the gnoll bouda.
You block the gnoll's attack. The gnoll bouda closely misses you.
The gnoll hits you from afar with a +0 halberd!
You shoot a sling bullet.
The sling bullet closely misses the gnoll bouda.
The gnoll hits you with a +0 club!
The gnoll bouda hits you but does no damage.
The gnoll hits you but does no damage.
You shoot a sling bullet.
The sling bullet hits the gnoll bouda but does no damage.
The gnoll bouda is heavily wounded.
The gnoll bouda barely misses you. You furiously retaliate!
You headbutt the gnoll bouda! You block the gnoll's attack.
The gnoll hits you but does no damage. The gnoll closely misses you.
You shoot a sling bullet.
The sling bullet hits the gnoll bouda but does no damage.
The gnoll bouda is almost dead.
The gnoll bouda utters an invocation to its god.
The gnoll bouda is healed somewhat.
You block the gnoll's attack. The gnoll closely misses you.
The gnoll hits you with a +0 flail. The gnoll barely misses you.
The gnoll bouda hits you with a +0 whip.
You shoot a sling bullet.
The sling bullet closely misses the gnoll bouda.
The gnoll hits you with a +0 club. You block the gnoll's attack.
The gnoll bouda completely misses you.
The gnoll hits you from afar with a +0 halberd!
You shoot a sling bullet. The sling bullet hits the gnoll bouda.
The gnoll bouda is severely wounded.
The gnoll hits you with a +0 club.
You die...

######### ###### #.......# #....#
#.......# ....# #.......# g..
#.......# ###g######.......###
#.g@g....#######.... #........#
#.... ##+### #........# #....
.....# #........# #.... .....+
#....)..># ###.... ....#
#########'### ##.#####
....####+##...........# #...#...
'#####................# #...'...
....##...##.....##...#######'##..


You could see a gnoll bouda and 3 gnolls.

Vanquished Creatures
  A hound (D:4)
  A jelly (D:3)
  3 orc priests
  An iguana (D:2)
  Jessica (D:2)
  A gnoll (D:4)
  6 adders
  An ufetubus (D:4)
  3 worms
  2 dart slugs
  12 orcs
  4 ball pythons
  5 endoplasms
  2 giant cockroaches
  7 goblins
  9 hobgoblins
  4 jackals (D:2)
  2 quokkas
  3 bats
  2 frilled lizards
  6 kobolds
  3 rats
79 creatures vanquished.

Notes
Turn   | Place    | Note
-------+----------+-------------------------------------------
     0 | D:1      | qw the Minotaur Hexslinger began the quest for the Orb.
     0 | D:1      | Reached XP level 1. HP: 16/16 MP: 1/1
     0 | D:1      | 0 ||| qw: Version: 0.3-a-46-gb1f654a
     0 | D:1      | 0 ||| qw: Game counter: 1999
     0 | D:1      | 0 ||| qw: Melee chars always use a shield: true
     0 | D:1      | 0 ||| qw: God list: Okawaru
     0 | D:1      | 0 ||| qw: Allow faded altars: false
     0 | D:1      | 0 ||| qw: Do Orc after clearing Dungeon:15 true
     0 | D:1      | 0 ||| qw: Do second Lair branch before Depths: true
     0 | D:1      | 0 ||| qw: Lair rune preference: random
     0 | D:1      | 0 ||| qw: Goals: Normal
     0 | D:1      | 0 ||| PLANNING D:1-11
   230 | D:1      | Reached skill level 3 in Ranged Weapons
   234 | D:1      | Reached XP level 2. HP: 23/23 MP: 2/2
   640 | D:1      | 640 ||| UPGRADING to amulet of reflection.
   645 | D:1      | 645 ||| READING 2 scrolls labelled QEUSSYT FOERGH.
   646 | D:1      | 646 ||| READING scroll labelled LAKHLU MOBIGES.
   651 | D:1      | 651 ||| DROPPING scroll of poison.
   896 | D:2      | Reached XP level 3. HP: 21/29 MP: 3/3
  1079 | D:2      | Noticed Jessica
  1083 | D:2      | Killed Jessica
  1084 | D:2      | Reached skill level 4 in Ranged Weapons
  1223 | D:2      | Reached XP level 4. HP: 29/36 MP: 4/4
  1277 | D:2      | Reached skill level 5 in Ranged Weapons
  1786 | D:2      | 1786 ||| UPGRADING to +0 pair of gloves.
  1791 | D:2      | 1791 ||| UPGRADING to +0 ring mail.
  1801 | D:2      | 1801 ||| DROPPING +0 robe.
  1802 | D:2      | 1802 ||| UPGRADING to +0 cloak.
  2008 | D:3      | Reached skill level 1 in Armour
  2008 | D:3      | Reached XP level 5. HP: 42/42 MP: 5/5
  2020 | D:3      | Reached skill level 3 in Fighting
  2204 | D:3      | Found a faded altar of an unknown god.
  2770 | D:3      | 2770 ||| READING scroll labelled ARIGIPRO JU AFF.
  2771 | D:3      | 2771 ||| READING scroll labelled JUFROS OTWOPTO.
  2772 | D:3      | 2772 ||| READING 3 scrolls of identify.
  2772 | D:3      | 2772 ||| IDENTIFYING brown potion
  2773 | D:3      | 2773 ||| READING 2 scrolls of identify.
  2773 | D:3      | 2773 ||| IDENTIFYING puce potion
  2872 | D:4      | HP: 9/45 [orc/+0 trident (6)]
  2873 | D:4      | 2873 ||| DRINKING potion of heal wounds.
  2875 | D:4      | Reached skill level 6 in Ranged Weapons
  2875 | D:4      | Reached XP level 6. HP: 29/51 MP: 6/6
  3032 | D:4      | 3032 ||| FLEEEEING.
  3207 | D:4      | Noticed Pikel
  3736 | D:4      | HP: 6/52 [gnoll/+0 halberd[a gnoll bouda] (13)]
  3737 | D:4      | Slain by a gnoll

Levels and vault maps discovered:
D:1:      minmay_arrival_plants_in_alcoves, layout_basic,
          minmay_misc_feat_secret_circle
D:2:      layout_loops_corners, minmay_statues_item, uniq_jessica
D:3:      layout_basic, dreamdust_ecumenical_altar_angels_and_demons
D:4:      layout_gridville, uniq_pikel

Skill      XL: |  1  2  3  4  5  6 |
---------------+-------------------+-----
Ranged Weapons | 3 4 5 6 |  6.2
Fighting       | 2 3 4 |  4.2
Armour         | 1 |  1.9
Dodging        | |  2.1
Spellcasting   | |  1.0
Hexes          | |  2.0

Action                     |  1- 3 |  4- 6 || total
---------------------------+-------+-------++-------
   Fire: Sling             |   103 |   194 ||   297
    Use: Scroll            |     2 |     4 ||     6
         Potion            |       |     1 ||     1
 Armour: Robe              |    12 |     3 ||    15
         Ring mail         |       |    44 ||    44
  Dodge: Dodged            |    28 |    70 ||    98
  Block: Other             |    16 |    34 ||    50

Table legend:
 A = Non-vault XP
 B = Vault XP
 C = Vault XP percentage of total XP
 D = Non-vault monster count
 E = Vault monster count
 F = Vault count percentage of total count
                 A         B        C        D         E       F
            +---------+---------+-------+---------+---------+-------
      Total |     493 |      37 |   7.0 |      78 |       1 |   1.3
            +---------+---------+-------+---------+---------+-------
        D:1 |      29 |       0 |   0.0 |      17 |       0 |   0.0
        D:2 |     104 |      37 |  26.2 |      20 |       1 |   4.8
        D:3 |     163 |       0 |   0.0 |      21 |       0 |   0.0
        D:4 |     197 |       0 |   0.0 |      20 |       0 |   0.0
            +---------+---------+-------+---------+---------+-------
